 Dungeon Crawl Stone Soup version 0.29-a0-1047-g7c58e119a4 (webtiles) character file.

Game seed: 8018827844300836300

361 goldencauldron the Magician (level 6, -2/41 HPs)
             Began as a Djinni Fire Elementalist on Aug 16, 2022.
             Was a Believer of Elyvilon.
             Slain by an orc wizard
             ... wielding a +0 dagger
              (3 damage)
             ... on level 4 of the Dungeon.
             The game lasted 00:21:40 (4138 turns).

goldencauldron the Magician (DjFE)                  Turns: 4138, Time: 00:21:40

Health: -2/41      AC:  2    Str: 13    XL:     6   Next: 99%
Gold:   266        EV: 12    Int: 19    God:    Elyvilon [**....] SH:  0 Dex: 13

rFire   + + .      SeeInvis .   v - +1 rapier (holy)
rCold   x . .      Faith    .   (no shield)
rNeg    . . .      Spirit   .   j - +0 robe
rPois   ∞          Reflect  .   (no helmet)
rElec   .          Harm     .   (no cloak)
rCorr   .          Rampage  .   (no gloves)
Will    .....                   (boots unavailable)
Stlth   ++........              (no amulet)
HPRegen 0.13/turn               k - +6 ring of strength
MPRegen 0.00/turn               (no ring)

@: brilliant, flying
A: sickness immunity, fire resistance 2, cold vulnerability 1, float, innate
caster, HP casting, extra vitality 1
a: Renounce Religion, Purification, Heal Other


You were on level 4 of the Dungeon.
You worshipped Elyvilon.
Elyvilon was pleased with you.
You visited 1 branch of the dungeon, and saw 4 of its levels.

You collected 266 gold pieces.

Inventory:

Hand Weapons
 v - a +1 rapier of holy wrath (weapon)
Missiles
 g - 33 stones
 l - 6 atropa-tipped darts
 p - 4 large rocks
 q - a throwing net
Armour
 j - a +0 robe (worn)
 m - a +1 barding
 s - a +0 pair of boots
Jewellery
 k - a +6 ring of strength (left hand)
Scrolls
 a - a scroll of torment {unknown}
 b - 2 scrolls of identify {unknown}
 c - 3 scrolls of amnesia {unknown}
 d - 2 scrolls of teleportation {unknown}
 h - a scroll of fog {unknown}
 i - 2 scrolls of fear {unknown}
 n - 2 scrolls of enchant weapon {unknown}
 u - a scroll of poison {unknown}
Potions
 e - a potion of curing {unknown}
 f - 2 potions of resistance {unknown}
 o - a potion of flight {unknown}
 r - a potion of heal wounds {unknown}
 w - a potion of might {unknown}


   Skills:
 + Level 0.5 Fighting
 + Level 2.8 Dodging
 + Level 2.3 Stealth
 + Level 5.1 Spellcasting


You couldn't memorise any spells.
You knew the following spells:

 Your Spells              Type           Power      Damage    Failure   Level
a - Foxfire               Conj/Fire      100%       2x1d9     1%          1
b - Scorch                Fire           72%        2d8       2%          2
c - Conjure Flame         Conj/Fire      36%        6-21      4%          3
d - Inner Flame           Hex/Fire       36%        N/A       4%          3
e - Flame Wave            Conj/Fire      36%        2d10      14%         4
f - Summon Small Mammal   Summ           100%       N/A       1%          1
g - Call Imp              Summ           36%        N/A       2%          2
Your spell library was empty.

Dungeon Overview and Level Annotations

Branches:
Dungeon (4/15)
 Temple: D:4-7

Altars:
Elyvilon
Okawaru


Innate Abilities, Weirdness & Mutations

You are immune to sickness and miasma.
You are immune to poison.
Your flesh is very heat resistant. (rF++)
You are vulnerable to cold. (rC-)
You float through the air rather than walking.
You learn spells naturally, not from books.
Your magical power is your life essence.
You have superior vitality. (+4 MHP)


Message History

Casting: Scorch (safe; 2% risk of failure)
Confirm with . or Enter, or press ? or * to list all spells.
Flames lash the orc wizard.
The orc wizard is moderately wounded.
The orc wizard's fire resistance burns away.
The orc wizard barely misses you. The orc wizard casts a spell at you.
The puff of flame hits you. You resist.
* * * LOW HITPOINT WARNING * * *
Casting: Scorch (safe; 2% risk of failure)
Confirm with . or Enter, or press ? or * to list all spells.
Flames lash the orc.
You kill the orc!
* * * LOW HITPOINT WARNING * * *
The orc wizard hits you with a +0 dagger.
* * * LOW HITPOINT WARNING * * *
The orc wizard closely misses you.
Casting: Scorch (safe; 2% risk of failure)
Confirm with . or Enter, or press ? or * to list all spells.
Flames lash the orc wizard.
The orc wizard is heavily wounded.
The orc wizard's fire resistance burns away.
* * * LOW HITPOINT WARNING * * *
The orc wizard hits you but does no damage.
The orc wizard hits you with a +0 dagger.
* * * LOW HITPOINT WARNING * * *
Casting: Scorch (safe; 2% risk of failure)
Confirm with . or Enter, or press ? or * to list all spells.
Flames lash the orc wizard.
The orc wizard is burned terribly!
You kill the orc wizard!
* * * LOW HITPOINT WARNING * * *
You hear a shout!
An orc wizard comes into view. It is wielding a +0 dagger.
The orc wizard hits you with a +0 dagger.
Elyvilon protects you from harm!
It was a potion of brilliance.
You feel clever all of a sudden.
The orc wizard is no longer more vulnerable to fire.
The orc wizard hits you with a +0 dagger.
You die...

.#.#.......# ####.#
#..#..#.#### ###.#
#..#..#.## #...#
#..#)....### #.#.#
#..†...#...# #.#.#
#..#.....#.# #.#.#
#$.#.).....###
#.#.#
#...)..........
##.###
#.##.@#.#..####
#...# # #o##!#..#
#.).# #)##.#..#
##...## #. #.# .#
#.)...# #o #.# .#
##†#.#.# .. ..
###).#.#.. #.
..####...##.##.
..#####....###...##
#.......####...#...


You could see 2 orc wizards.

Vanquished Creatures
  An ogre (D:4)
  A scorpion (D:4)
  A jelly (D:4)
  Natasha (thrice) (D:2)
  An orc wizard (D:4)
  2 adders
  3 dart slugs
  2 orcs (D:4)
  4 ball pythons
  4 bats
  9 endoplasms
  A giant cockroach (D:3)
  4 goblins
  6 hobgoblins
  3 jackals (D:4)
  5 kobolds
  5 quokkas
  3 frilled lizards
  3 rats (D:1)
61 creatures vanquished.

Vanquished Creatures (others)
  26 foxfires (D:1)
26 creatures vanquished.

Grand Total: 87 creatures vanquished

Notes
Turn   | Place    | Note
-------+----------+-------------------------------------------
     0 | D:1      | goldencauldron the Djinni Fire Elementalist began the quest
                  | for the Orb.
     0 | D:1      | goldencauldron set off with the following spells memorised:
                  | Foxfire, Scorch, Conjure Flame, Inner Flame, Flame Wave.
     0 | D:1      | Reached XP level 1. HP: 15/15 MP: 0/0
   263 | D:1      | Reached XP level 2. HP: 18/21 MP: 0/0
   611 | D:1      | Found a faded altar of an unknown god.
   962 | D:1      | Prayed at the altar of an unknown god.
   962 | D:1      | Became a worshipper of Elyvilon the Healer
   962 | D:1      | Reached * piety under Elyvilon
  1054 | D:1      | Reached XP level 3. HP: 14/25 MP: 0/0
  1054 | D:1      | Learned a level 1 spell: Summon Small Mammal
  1056 | D:1      | Reached skill level 3 in Spellcasting
  2122 | D:2      | Reached ** piety under Elyvilon
  2173 | D:2      | Noticed Natasha
  2180 | D:2      | Killed Natasha
  2181 | D:2      | Reached XP level 4. HP: 21/31 MP: 0/0
  2462 | D:2      | Noticed Natasha
  2468 | D:2      | Killed Natasha
  2703 | D:2      | Found an iron altar of Okawaru.
  2784 | D:2      | Noticed Natasha
  2799 | D:2      | Killed Natasha
  2800 | D:2      | Reached XP level 5. HP: 32/36 MP: 0/0
  2800 | D:2      | Learned a level 2 spell: Call Imp
  3229 | D:3      | Reached skill level 4 in Spellcasting
  3941 | D:4      | Reached XP level 6. HP: 33/41 MP: 0/0
  4102 | D:4      | Noticed an ogre
  4109 | D:4      | Killed an ogre
  4113 | D:4      | Reached skill level 5 in Spellcasting
  4137 | D:4      | Elyvilon protects you from harm!
  4138 | D:4      | Slain by an orc wizard

Illustrated notes

Levels and vault maps discovered:
D:1:      lemuel_arrival_broad_hall, layout_basic,
          shapermc_ecumenical_altar_starsandcircs
D:2:      layout_loops_ring, basic_altar, uniq_natasha
D:3:      layout_rooms
D:4:      minmay_general_purpose_star, layout_loops_ring,
          minmay_temple_entry_stoned_glass

Skill      XL: |  1  2  3  4  5  6 |
---------------+-------------------+-----
Spellcasting   | 3 4 5 |  5.1
Stealth        | 2 |  2.3
Fighting       | |  0.5
Dodging        | |  2.8

Action                   |  1- 3 |  4- 6 || total
-------------------------+-------+-------++-------
Melee: Unarmed           |     6 |       ||     6
       Scimitar          |       |     5 ||     5
 Cast: Foxfire           |    25 |       ||    25
       Scorch            |    22 |    50 ||    72
       Summon Small Mamm |     3 |       ||     3
  Use: Potion            |       |     1 ||     1
Armor: Robe              |     8 |     2 ||    10
Dodge: Dodged            |    31 |    13 ||    44

Table legend: (Time is in decaauts)
 A = Elapsed time spent in this place.
 B = Non-inter-level travel time spent in this place.
 C = Inter-level travel time spent in this place.
 D = Time resting spent in this place.
 E = Time spent auto-exploring this place.
 F = Levels seen in this place.
 G = Mean time per level.
                   A        B        C        D        E       F      G
               +--------+--------+--------+--------+--------+-----+--------+
         Total |   4143 |   4102 |     41 |   1598 |      0 |   4 | 1035.8 |
       Dungeon |   4143 |   4102 |     41 |   1598 |      0 |   4 | 1035.8 |
               +--------+--------+--------+--------+--------+-----+--------+

Top non-repeatable levels by time:
     D:1: 1907 daAuts
     D:2: 1155 daAuts
     D:3: 832 daAuts
     D:4: 249 daAuts
